 Dungeon Crawl Stone Soup version 0.31-a0-986-g5e6e4ef867 (webtiles) character file.

Game seed: 5327390040882709867

1178 Dittersdorf the Trooper (level 8, -8/51 HPs)
             Began as a Gargoyle Fighter on Nov 3, 2023.
             Mangled by an ogre
             ... wielding a +0 giant spiked club
              (26 damage)
             ... on level 5 of the Dungeon.
             The game lasted 00:06:00 (3979 turns).

Dittersdorf the Trooper (Gargoyle Fighter)          Turns: 3979, Time: 00:06:01

Health: -8/51      AC: 18    Str: 25    XL:     8   Next: 41%
Magic:  8/8        EV:  9    Int: 10    God:
Gold:   170        SH: 10    Dex: 11    Spells: 7/7 levels left

rFire   . . .        a - +0 flail
rCold   . . .        u - +1 kite shield
rNeg    + . .        o - +3 ring mail of Mordant Leaves {rCorr Str+4 Dex+2}
rPois   ∞            (no helmet)
rElec   +            (no cloak)
rCorr   +            m - +0 pair of gloves
SInv    .            f - +1 pair of boots
Will    .....        (no amulet)
Stlth   +            (no ring)
HPRegen 0.28/turn    (no ring)
MPRegen 0.11/turn

%: no passive effects
@: no status effects
A: sickness immunity, AC +5, negative energy resistance 1, electricity
resistance, torment resistance 1, petrification resistance
a: no special abilities


You were on level 5 of the Dungeon.
You visited 1 branch of the dungeon, and saw 5 of its levels.

You collected 170 gold pieces.

Inventory:

Hand Weapons
 a - a +0 flail (weapon)
Missiles
 c - 5 poisoned darts (quivered)
Armour
 f - a +1 pair of boots (worn)
 m - a +0 pair of gloves (worn)
 o - the +3 ring mail of Mordant Leaves (worn) {rCorr Str+4 Dex+2}
   (You found it on level 2 of the Dungeon)

   Str+4:     It affects your strength (+4).
   Dex+2:     It affects your dexterity (+2).
   rCorr:     It protects you from acid and corrosion.
 u - a +1 kite shield (worn)
Scrolls
 k - a scroll of summoning
Potions
 d - 2 potions of might
 g - a potion of curing
 h - a potion of cancellation
 l - 2 potions of invisibility {unknown}
 n - a potion of magic
 r - a potion of enlightenment


   Skills:
 + Level 6.2 Fighting
 + Level 5.2 Maces & Flails
 + Level 6.2 Armour
 + Level 6.2 Shields


You had 7 spell levels left.
You didn't know any spells.
Your spell library contained the following spells:

 Spells                   Type           Power      Damage    Failure   Level
 Apportation              Tloc           0%         N/A       71%         1
 Necrotise                Necr           0%         1d4       71%         1
 Summon Small Mammal      Summ           0%         N/A       71%         1
 Lesser Beckoning         Tloc           0%         N/A       85%         2
 Gell's Gravitas          Tloc           0%         N/A       97%         3
 Teleport Other           Tloc           0%         N/A       97%         3


Dungeon Overview and Level Annotations

Branches:
Dungeon (5/15)
 Temple: D:4-7

Altars:
The Shining One

Shops:
D:4 [


Innate Abilities, Weirdness & Mutations

You are immune to sickness and miasma.
Your stone body is resilient. (AC +5)
You are immune to poison.
You resist negative energy. (rN+)
You are resistant to electric shocks. (rElec)
You are resistant to unholy torment.
You are immune to petrification.


Message History

You completely miss the orc priest. The orc priest barely misses you.
You block the orc's attack.
You barely miss the orc priest. The orc hits you but does no damage.
The orc hits you with a +0 dagger.
The orc priest invokes the aid of Beogh against you.
Beogh smites you!
You barely miss the orc priest. You block the orc's attack. x2
The orc priest hits you but does no damage.
You hit the orc priest but do no damage.
You block the orc's attack. x2
The orc priest hits you but does no damage.
The orc priest mumbles some strange prayers to Beogh against you.
Beogh smites you! You block the orc's attack. The orc barely misses you.
You are too injured to fight recklessly!
You are too injured to fight recklessly!
You are too injured to fight recklessly!
You are too injured to fight recklessly!
You are too injured to fight recklessly!
You are too injured to fight recklessly!
You are too injured to fight recklessly!
You are too injured to fight recklessly!
You are too injured to fight recklessly!
You are too injured to fight recklessly!
You are too injured to fight recklessly!
You are too injured to fight recklessly!
You are too injured to fight recklessly!
You are too injured to fight recklessly!
You are too injured to fight recklessly!
You are too injured to fight recklessly!
You are too injured to fight recklessly!
The orc hits you but does no damage. The orc attacks as it pursues you!
You block the orc's attack.
The orc priest attacks as it pursues you!
You block the orc priest's attack.
The ogre hits you with a +0 giant spiked club!
The ogre attacks as it pursues you! You block the ogre's attack.
The ogre attacks as it pursues you!
The ogre hits you with a +0 giant spiked club!!
Ouch! That really hurt!
You die...

............#.....#
............+.....#
............#.....#
.......#o#+##.....###
.......#)o..........+
.......#...o.......#
#[.................#
#...........O...[..#
#..........).@..^..##.##
#.......................
#............###'####.##
#............# #.#..# #
#........#.### #.#..#
#........#.# #.#..#
########.#.# #.#..#
#.#.#####.#..#
#........#


You could see an ogre, an orc priest and 2 orcs.

Vanquished Creatures
  Grinder (D:4)
  Sigmund (D:5)
  2 black bears (D:4)
  2 ogres (D:4)
  A scorpion (D:4)
  A hound (D:4)
  2 jellies
  An iguana (D:3)
  A sleepcap (D:4)
  Natasha (thrice) (D:2)
  8 adders
  4 gnolls (D:4)
  A shadow imp (D:5)
  2 worms
  2 dart slugs
  An orc (D:5)
  6 ball pythons
  3 bats
  6 endoplasms
  3 giant cockroaches
  10 goblins
  5 hobgoblins
  3 jackals (D:1)
  10 kobolds
  5 quokkas
  4 frilled lizards
  2 rats
90 creatures vanquished.

Vanquished Creatures (collateral kills)
  A kobold (D:4)
1 creature vanquished.

Grand Total: 91 creatures vanquished

Notes
Turn   | Place    | Note
-------+----------+-------------------------------------------
     0 | D:1      | Dittersdorf the Gargoyle Fighter began the quest for the
                  | Orb.
     0 | D:1      | Reached XP level 1. HP: 14/14 MP: 1/1
   151 | D:1      | Reached XP level 2. HP: 19/19 MP: 2/2
   495 | D:1      | Reached XP level 3. HP: 23/23 MP: 3/3
   863 | D:2      | Found a glowing golden altar of the Shining One.
   922 | D:2      | Reached XP level 4. HP: 20/29 MP: 4/4
  1003 | D:2      | Identified the +3 ring mail of Mordant Leaves {rCorr Str+4
                  | Dex+2}
  1046 | D:2      | Noticed Natasha
  1054 | D:2      | Killed Natasha
  1127 | D:2      | Noticed Natasha
  1135 | D:2      | Killed Natasha
  1136 | D:2      | Reached XP level 5. HP: 27/33 MP: 5/5
  1285 | D:2      | Found a faded altar of an unknown god.
  1417 | D:2      | Noticed Natasha
  1424 | D:2      | Killed Natasha
  1985 | D:3      | Reached XP level 6. HP: 39/39 MP: 6/6
  2342 | D:4      | Noticed a black bear
  2355 | D:4      | Killed a black bear
  2401 | D:4      | Reached skill level 5 in Fighting
  2401 | D:4      | Reached skill level 5 in Armour
  2401 | D:4      | Reached skill level 5 in Shields
  2401 | D:4      | Reached XP level 7. HP: 31/44 MP: 7/7
  2890 | D:4      | Noticed Grinder
  2894 | D:4      | Paralysed by Grinder for 3 turns
  2921 | D:4      | Killed Grinder
  3041 | D:4      | Found Pirufod's Armour Emporium.
  3209 | D:4      | Reached XP level 8. HP: 51/51 MP: 8/8
  3618 | D:5      | Entered Level 5 of the Dungeon
  3647 | D:5      | Reached skill level 5 in Maces & Flails
  3649 | D:5      | Noticed Sigmund
  3843 | D:5      | Killed Sigmund
  3979 | D:5      | Mangled by an ogre

Illustrated notes

Levels and vault maps discovered:
D:1:      doesnt_arrival_eight_statues, layout_loops_ring
D:2:      layout_basic, basic_ecumenical_altar, basic_altar,
          minmay_joined_circles, uniq_natasha
D:3:      layout_basic
D:4:      layout_basic, serial_shops, nicolae_shop_pleasant_corner_grove,
          uniq_grinder
D:5:      kennysheep_steamy, layout_basic, uniq_sigmund

Skill      XL: |  1  2  3  4  5  6  7  8 |
---------------+-------------------------+-----
Fighting       | 4 5 6 |  6.2
Shields        | 4 5 6 |  6.2
Armour         | 4 5 6 |  6.2
Maces & Flails | 3 4 5 |  5.2

Action                     |  1- 3 |  4- 6 |  7- 9 || total
---------------------------+-------+-------+-------++-------
  Melee: Flail             |   117 |   188 |    93 ||   398
         Unarmed           |       |       |     3 ||     3
  Throw: Dart              |       |       |    12 ||    12
    Use: Scroll            |       |       |    13 ||    13
 Armour: Scale mail        |    78 |    36 |       ||   114
         Ring mail         |       |   102 |    54 ||   156
         Skin              |       |       |     5 ||     5
  Dodge: Dodged            |    48 |    99 |    27 ||   174
  Block: Buckler           |    25 |    46 |       ||    71
         Kite shield       |       |    13 |    47 ||    60

Table legend: (Time is in decaauts)
 A = Elapsed time spent in this place.
 B = Non-inter-level travel time spent in this place.
 C = Inter-level travel time spent in this place.
 D = Time resting spent in this place.
 E = Time spent auto-exploring this place.
 F = Levels seen in this place.
 G = Mean time per level.
                   A        B        C        D        E       F      G
               +--------+--------+--------+--------+--------+-----+--------+
         Total |   4097 |   3843 |    254 |    276 |   2605 |   5 |  819.4 |
       Dungeon |   4097 |   3843 |    254 |    276 |   2605 |   5 |  819.4 |
               +--------+--------+--------+--------+--------+-----+--------+

Top non-repeatable levels by time:
     D:4: 1337 daAuts
     D:2: 992 daAuts
     D:1: 822 daAuts
     D:3: 712 daAuts
     D:5: 234 daAuts
